 Dungeon Crawl Stone Soup version 0.31.0-32-g396128a36d (webtiles) character file.

Game seed: 13193857504552104262

19 imdaedric the Sneak (level 2, -2/15 HPs)
             Began as a Spriggan Brigand on Apr 24, 2024.
             Was an Initiate of Ru.
             Slain by a ribbon worm (5 damage)
             ... on level 2 of the Dungeon.
             The game lasted 00:02:37 (589 turns).

imdaedric the Sneak (Spriggan Brigand)               Turns: 589, Time: 00:02:37

Health: -2/15      AC:  3    Str:  7    XL:     2   Next: 55%
Magic:  3/3        EV: 22    Int: 12    God:    Ru [......]
Gold:   72         SH:  0    Dex: 16    Spells: 1/1 levels left

rFire   . . .        a - +2 dagger
rCold   . . .        (no shield)
rNeg    . . .        b - +0 robe
rPois   .            (helmet restricted)
rElec   .            c - +0 cloak
rCorr   .            (gloves unavailable)
SInv    +            (boots unavailable)
Will    .....        (no amulet)
Stlth   +++          i - +5 ring of evasion
HPRegen 0.22/turn    (no ring)
MPRegen 0.08/turn

%: no passive effects
@: very quick
A: very small, no large weapons, unfitting armour, see invisible, speed 3, no
forms
a: Renounce Religion


You were on level 2 of the Dungeon.
You worshipped Ru.
Ru was noncommittal.
You visited 1 branch of the dungeon, and saw 2 of its levels.

You collected 72 gold pieces.

Inventory:

Hand Weapons
 a - a +2 dagger (weapon)
Missiles
 d - 9 poisoned darts (quivered)
 e - 3 curare-tipped darts
Armour
 b - a +0 robe (worn)
 c - a +0 cloak (worn)
Jewellery
 i - a +5 ring of evasion (left hand)
Scrolls
 g - a scroll of butterflies {unknown}
 j - a scroll of identify {unknown}
 k - a scroll of immolation {unknown}
Potions
 f - a potion of curing {unknown}
 h - 2 potions of berserk rage {unknown}
 l - 2 potions of brilliance {unknown}
 m - a potion of lignification {unknown}


   Skills:
 + Level 1.8 Fighting
 + Level 2.5 Short Blades
 + Level 2.2 Throwing
 + Level 2.0 Dodging
 + Level 6.1 Stealth


You had one spell level left.
You didn't know any spells.
Your spell library was empty.

Dungeon Overview and Level Annotations

Branches:
Dungeon (2/15)

Altars:
Ru

Shops:
D:1 (


Innate Abilities, Weirdness & Mutations

You are very small and have problems with some larger weapons.
You are too small for most types of armour.
You have supernaturally acute eyesight. (SInv)
You cover ground extremely quickly. (Speed+++)
You cannot voluntarily change form.


Message History

You are caught in a web!
The web tears apart.
You hit the ribbon worm.
The ribbon worm is moderately wounded.
The ribbon worm barely misses you.
You hit the ribbon worm.
The ribbon worm is moderately wounded.
The ribbon worm bites you.
You hit the ribbon worm.
The ribbon worm is heavily wounded.
The ribbon worm misses you.
You hit the ribbon worm.
The ribbon worm is heavily wounded.
You hit the ribbon worm.
The ribbon worm is severely wounded.
The ribbon worm barely misses you.
You barely miss the ribbon worm.
The ribbon worm is heavily wounded.
The ribbon worm misses you.
You hit the ribbon worm.
The ribbon worm is heavily wounded.
You hit the ribbon worm.
The ribbon worm is severely wounded.
The ribbon worm bites you.
* * * LOW HITPOINT WARNING * * *
You hit the ribbon worm.
The ribbon worm is almost dead.
The ribbon worm misses you.
You hit the ribbon worm.
The ribbon worm is almost dead.
You hit the ribbon worm but do no damage.
The ribbon worm is almost dead.
The ribbon worm misses you.
You hit the ribbon worm.
The ribbon worm is almost dead.
The ribbon worm expels a string of sticky webbing.
The stream of webbing hits you but does no damage.
You are caught in a web!
The web tears apart.
The ribbon worm bites you.
You die...

#. # ..# .# #"#######.##
####### #.##........
#.....#######.#.....#.##
#.<....... ............#
......#### #.#..w..#..#
#.....# #...@......#
#.....# #.###.####.#
###.### #.# .#
#.#.########.###.#
#.###.............#
##...########.##..#
..... #.# .# ##... #.#
## #### #..


You could see a ribbon worm (catching breath).

Vanquished Creatures
  2 bats (D:1)
  An endoplasm (D:1)
  A giant cockroach (D:1)
  A goblin (D:1)
  2 hobgoblins
  5 kobolds (D:1)
  A ball python (D:1)
  3 frilled lizards (D:1)
  3 rats
19 creatures vanquished.

Notes
Turn   | Place    | Note
-------+----------+-------------------------------------------
     0 | D:1      | imdaedric the Spriggan Brigand began the quest for the Orb.
     0 | D:1      | Reached XP level 1. HP: 10/10 MP: 2/2
    51 | D:1      | Found Herarine's Antique Weapon Emporium.
   180 | D:1      | Reached skill level 6 in Stealth
   184 | D:1      | Reached XP level 2. HP: 15/15 MP: 3/3
   199 | D:1      | Found a faded altar of an unknown god.
   378 | D:1      | Prayed at the altar of an unknown god.
   378 | D:1      | Became a worshipper of Ru the Awakened
   417 | D:1      | Gained mutation: You cannot voluntarily change form. [Ru
                  | sacrifice]
   589 | D:2      | Slain by a ribbon worm

Illustrated notes

Levels and vault maps discovered:
D:1:      onia_arrival_mini_spirals, layout_rooms,
          chequers_ecumenical_altar_simple_redux, serial_shops,
          nicolae_shop_pleasant_corner_grove, minmay_tromino_i4
D:2:      minmay_recursive_quarters, layout_loops_ring, serial_shops, shop,
          nicolae_shop_trees, shop_fountains, shop,
          nicolae_shop_competitors_out_of_business, kennysheep_potato

Skill      XL: |  1  2 |
---------------+-------+-----
Stealth        | 6 |  6.1
Dodging        | 2 |  2.0
Fighting       | |  1.8
Short Blades   | |  2.5
Throwing       | |  2.2

Action                     || total
---------------------------++-------
  Melee: Dagger            ||    70
         Punch             ||     2
 Invoke: Sacrifice Forms   ||     1
   Stab: Sleeping          ||     7
 Armour: Robe              ||    18
  Dodge: Dodged            ||    30
